 Dungeon Crawl Stone Soup version 0.29.1-1-gd02db6906a (webtiles) character file.

Game seed: 8212482350494514778

76 vvl the Trooper (level 4, -4/29 HPs)
             Began as a Gargoyle Fighter on Oct 5, 2022.
             Slain by Sigmund
             ... wielding a +0 scythe
              (10 damage)
             ... on level 2 of the Dungeon.
             The game lasted 00:03:34 (1825 turns).

vvl the Trooper (Gargoyle Fighter)                  Turns: 1825, Time: 00:03:34

Health: -4/29      AC:  9    Str: 19    XL:     4   Next: 32%
Magic:  5/5        EV: 10    Int: 11    God:
Gold:   115        SH:  4    Dex:  9    Spells: 5/5 levels left

rFire   + . .      SeeInvis .   j - +2 whip (venom)
rCold   . . .      Faith    .   c - +0 buckler
rNeg    + . .      Spirit   .   k - +0 ring mail
rPois   ∞          Reflect  .   (no helmet)
rElec   +          Harm     .   (no cloak)
rCorr   .          Rampage  .   (no gloves)
Will    .....                   (no boots)
Stlth   ..........              (no amulet)
HPRegen 0.09/turn               g - ring of protection from fire
MPRegen 0.09/turn               (no ring)

@: no status effects
A: sickness immunity, AC +3, negative energy resistance 1, electricity
resistance, torment resistance 1, petrification resistance
a: no special abilities


You were on level 2 of the Dungeon.
You visited 1 branch of the dungeon, and saw 2 of its levels.

You collected 115 gold pieces.

Inventory:

Hand Weapons
 j - a +2 whip of venom (weapon)
Missiles
 p - 2 throwing nets (quivered)
Armour
 c - a +0 buckler (worn)
 k - a +0 ring mail (worn)
Jewellery
 g - a ring of protection from fire (left hand)
Scrolls
 a - a scroll of teleportation {unknown}
 b - a scroll of butterflies {unknown}
 f - 3 scrolls of identify {unknown}
 n - a scroll of magic mapping {unknown}
 o - 2 scrolls of poison {unknown}
Potions
 d - a potion of might
 e - a potion of mutation {unknown}
 h - a potion of cancellation {unknown}
 i - a potion of heal wounds {unknown}
 l - a potion of haste {unknown}
 m - a potion of lignification {unknown}


   Skills:
 + Level 3.7 Fighting
 + Level 2.4 Maces & Flails
 + Level 3.7 Armour
 + Level 3.6 Shields
 + Level 1.0 Spellcasting
 + Level 1.1 Conjurations
 + Level 1.4 Earth Magic


You had 5 spell levels left.
You didn't know any spells.
Your spell library contained the following spells:

 Spells                   Type           Power      Damage    Failure   Level
 Apportation              Tloc           0%         N/A       56%         1
 Necrotise                Necr           0%         1d4       56%         1
 Summon Small Mammal      Summ           0%         N/A       56%         1
 Petrify                  Tmut/Erth      2%         N/A       99%         4
 Irradiate                Conj/Tmut      0%         3d11      100%        5
 Malign Gateway           Summ/Tloc      0%         N/A       100%        7
 Summon Horrible Things   Summ           0%         N/A       100%        8
 Sublimation of Blood     Necr           Unusable   N/A       N/A         2

Dungeon Overview and Level Annotations

Branches:
Dungeon (2/15)

Altars:

Shops:
D:1 *

Annotations:
D:2 Sigmund


Innate Abilities, Weirdness & Mutations

You are immune to sickness and miasma.
Your stone body is resilient. (AC +3)
You are immune to poison.
You resist negative energy. (rN+)
You are resistant to electric shocks. (rElec)
You are resistant to unholy torment.
You are immune to petrification.


Message History

The endoplasm closely misses you. The adder closely misses you.
You closely miss the adder.
The adder is heavily wounded.
The jackal bites you. The endoplasm freezes you.
You are frozen.
You block the adder's attack.
You are too injured to fight recklessly!
You are too injured to fight recklessly!
You are too injured to fight recklessly!
You are too injured to fight recklessly!
Unknown command.
The endoplasm attacks as you move away! You block the endoplasm's attack.
The adder bites you but does no damage. You block the jackal's attack.
The endoplasm attacks as you move away! The endoplasm hits you.
The adder bites you.
You hit the adder.
You kill the adder!
The jackal closely misses you.
You barely miss the jackal. The jackal misses you.
The jackal bites you but does no damage.
You hit the jackal but do no damage.
The jackal is poisoned.
Sigmund hits you but does no damage. The jackal bites you.
You hit the jackal.
You kill the jackal!
Sigmund hits you from afar with a +0 scythe.
* * * LOW HITPOINT WARNING * * *
You whack the endoplasm!
You kill the endoplasm!
The jackal closely misses you.
You closely miss the jackal.
Sigmund hits you from afar with a +0 scythe.
* * * LOW HITPOINT WARNING * * *
The jackal bites you but does no damage.
You block the jackal's attack. The jackal bites you.
* * * LOW HITPOINT WARNING * * *
You hit the jackal but do no damage.
The jackal is poisoned.
The jackal barely misses you.
Sigmund hits you from afar with a +0 scythe!
You die...

#.......# #†#####.#
#.# #.# #.# #.# #@#
#h# #@# #.## #..#
######.## #.......##
#........# #....†.#.##
#......#..###########
#...................##


You could see Sigmund and a jackal (very poisoned).

Vanquished Creatures
  2 adders (D:2)
  2 dart slugs
  10 ball pythons
  8 endoplasms
  4 giant cockroaches
  5 goblins
  3 hobgoblins
  2 jackals (D:2)
  A quokka (D:1)
  2 frilled lizards
  6 kobolds
  4 rats
49 creatures vanquished.

Vanquished Creatures (others)
  4 plants (D:2)
4 creatures vanquished.

Grand Total: 53 creatures vanquished

Notes
Turn   | Place    | Note
-------+----------+-------------------------------------------
     0 | D:1      | vvl the Gargoyle Fighter began the quest for the Orb.
     0 | D:1      | Reached XP level 1. HP: 14/14 MP: 1/1
   131 | D:1      | Reached XP level 2. HP: 10/19 MP: 2/2
   352 | D:1      | Found Taghaosy's Assorted Antiques.
   691 | D:1      | Reached XP level 3. HP: 4/23 MP: 3/3
  1067 | D:1      | Reached skill level 1 in Earth Magic
  1390 | D:2      | Identified the +0 robe "Yzirue" {rElec}
  1475 | D:2      | Reached skill level 1 in Conjurations
  1559 | D:2      | Found a faded altar of an unknown god.
  1655 | D:2      | Reached skill level 1 in Spellcasting
  1655 | D:2      | Reached XP level 4. HP: 29/29 MP: 5/5
  1792 | D:2      | Noticed Sigmund
  1825 | D:2      | Slain by Sigmund

Illustrated notes

Levels and vault maps discovered:
D:1:      spicycebolla_arrival_risky_transporter, layout_rooms, serial_shops,
          shop
D:2:      layout_basic, basic_altar, serial_shops, shop_statue,
          shapermc_ecumenical_altar_mp_ritualfount, uniq_sigmund

Skill      XL: |  1  2  3 |
---------------+----------+-----
Earth Magic    | 1 |  1.4
Conjurations   | 1 |  1.1
Spellcasting   | 1 |  1.0
Fighting       | |  3.7
Maces & Flails | |  2.4
Armour         | |  3.7
Shields        | |  3.6

Action                   |  1- 3 |  4- 6 || total
-------------------------+-------+-------++-------
Melee: Flail             |    73 |       ||    73
       Whip              |    45 |    28 ||    73
Armor: Scale mail        |    67 |       ||    67
       Ring mail         |    15 |    14 ||    29
Dodge: Dodged            |    67 |    17 ||    84
Block: Buckler           |    41 |    11 ||    52
